 Dungeon Crawl Stone Soup version 0.30-b1-2-g02819fbbbe (webtiles) character file.

Game seed: 15477636485221175878

3 raph the Gusty (level 1, 0/10 HPs)
             Began as a Tengu Air Elementalist on May 13, 2023.
             Constricted to death by a ball python (1 damage)
             ... on level 1 of the Dungeon.
             The game lasted 00:00:32 (141 turns).

raph the Gusty (Tengu Air Elementalist)              Turns: 141, Time: 00:00:32

Health: 0/10       AC:  2    Str:  8    XL:     1   Next: 50%
Magic:  2/4        EV:  9    Int: 15    God:
Gold:   0          SH:  0    Dex: 14    Spells: 3/4 levels left

rFire   . . .        (no weapon)
rCold   . . .        (no shield)
rNeg    . . .        a - +0 robe
rPois   .            (helmet restricted)
rElec   .            (no cloak)
rCorr   .            (no gloves)
SInv    .            (boots unavailable)
Will    .....        (no amulet)
Stlth   ++           (no ring)
HPRegen 0.21/turn    (no ring)
MPRegen 0.09/turn

%: no passive effects
@: very slightly contaminated, constricted
A: beak, talons 3
a: no special abilities


You were on level 1 of the Dungeon.
You visited 1 branch of the dungeon, and saw 1 of its levels.

Inventory:

Armour
 a - a +0 robe (worn)
Potions
 b - a potion of magic


   Skills:
 - Level 2.1 Dodging
 - Level 2.0 Stealth
 - Level 2.0 Spellcasting
 * Level 1.7 Conjurations
 * Level 4.1 Air Magic


You had 3 spell levels left.
You knew the following spells:

 Your Spells              Type           Power      Damage    Failure   Level
a - Shock                 Conj/Air       40%        1d5       7%          1

Your spell library contained the following spells:

 Spells                   Type           Power      Damage    Failure   Level
 Static Discharge         Conj/Air       20%        2-3/arc   10%         2
 Swiftness                Air            14%        N/A       12%         3
 Airstrike                Air            7%         2d(1-17)  36%         4


Dungeon Overview and Level Annotations

Branches:
Dungeon (1/15)

Altars:


Innate Abilities, Weirdness & Mutations

You have a beak for a mouth.
You have claws for feet.


Message History

You start resting.
A ball python is nearby!
Aiming: Shock (safe; 7% risk of failure)
Press: ? - help, Q - select action Shift-Dir - straight line The zap misses the ball python.
The zap hits the ball python.
You kill the ball python!
Your magical contamination has completely faded away.
You start resting.
Magic restored.
You see here a ball python corpse.
A ball python comes into view.
Found 9 gold pieces.
An endoplasm comes into view.
The ball python hisses angrily.
The endoplasm quivers.
You see here a +0 whip.
Aiming: Shock (safe; 7% risk of failure)
Press: ? - help, Q - select action Shift-Dir - straight line The zap hits the endoplasm.
The endoplasm is severely wounded.
The zap hits the endoplasm.
The endoplasm is almost dead.
The ball python attacks as you move away!
The ball python bites you. The ball python closely misses you.
The ball python attacks as you move away!
The ball python bites you.
The ball python attacks as you move away!
The ball python bites you. The ball python barely misses you. x2
You see here a ball python corpse.
The ball python attacks as you move away!
The ball python bites you.
* * * LOW HITPOINT WARNING * * *
Aiming: Shock (safe; 7% risk of failure)
Press: ? - help, Q - select action Shift-Dir - straight line You miscast Shock.
You are very lightly contaminated with residual magic.
Nothing appears to happen.
The ball python closely misses you. The ball python grabs you.
The ball python constricts you.
You die...

... #...# $. #
...###...##.#..
...............
.......|.......
.........J..... #########
............... # #≈≈≈≈≈≈≈#
.......)###+###+##.#≈≈≈≈≈≈≈##
....!.......S.#.##.≈≈≈...≈..#
............#@#.##.≈≈≈....(.#
........#####.#.##.≈≈≈......#
........# #.#.##.≈≈≈.≈.<..#
........# #.#.##.≈≈≈~≈....#
.......######.#.##.≈≈≈≈~....#
########......#.##.≈≈≈≈≈....#
#.##....†...#≈≈≈≈....#
#.##.#####..#######..# #.##.#
#...........#


You could see a ball python.

Vanquished Creatures
  A giant cockroach (D:1)
  A hobgoblin (D:1)
  A ball python (D:1)
3 creatures vanquished.

Notes
Turn   | Place    | Note
-------+----------+-------------------------------------------
     0 | D:1      | raph the Tengu Air Elementalist began the quest for the
                  | Orb.
     0 | D:1      | Reached XP level 1. HP: 10/10 MP: 4/4
   141 | D:1      | Constricted to death by a ball python

Illustrated notes

Levels and vault maps discovered:
D:1:      dpeg_arrival_pond, layout_basic,
          chequers_ecumenical_altar_simple_redux, lemuel_flame_loot_1

Action                     || total
---------------------------++-------
   Cast: Shock             ||     6
  Dodge: Dodged            ||     5
